 Dungeon Crawl Stone Soup version 0.29.0-11-gd7f09526c8 (webtiles) character file.

Game seed: 4120426145778024842

71516 Zeldest the Fey Draconian (level 14, -4/119 HPs)
             Began as a Green Draconian Fire Elementalist on Sept 5, 2022.
             Was a Priest of Yredelemnul.
             Slain by a ghost moth (10 damage)
             ... on level 1 of the Spider Nest.
             The game lasted 01:28:40 (24784 turns).

Zeldest the Fey Draconian (DrFE)                   Turns: 24784, Time: 01:28:41

Health: -4/119     AC: 19    Str: 12    XL:     14   Next: 98%
Magic:  11/26      EV: 10    Int: 27    God:    Yredelemnul [***...]
Gold:   748        SH: 10    Dex: 12    Spells: 13/29 levels left

rFire   + + .      SeeInvis +   x - +3 Elemental Staff {rElec rF++ rC++ AC+5}
rCold   + + .      Faith    +   V - +1 kite shield
rNeg    . . .      Spirit   .   (body armour unavailable)
rPois   +          Reflect  .   G - +3 crown of Dyrovepreva {rElec Int+2 SInv}
rElec   +          Harm     .   S - +2 cloak {rCorr}
rCorr   +          Rampage  .   k - +0 pair of gloves
Will    +....                   J - +2 pair of boots
Stlth   ++........              W - amulet of faith
HPRegen 0.29/turn               K - +6 ring of intelligence
MPRegen 0.20/turn               f - ring of wizardry

@: corroded, invisible
A: breathe noxious fumes, AC +8, unfitting armour, stinger 1, poison resistance,
cold-blooded
a: Breathe Noxious Fumes, Renounce Religion, Recall Undead Harvest, Dark Bargain


You were on level 1 of the Spider Nest.
You worshipped Yredelemnul.
Yredelemnul was pleased with you.
You visited 5 branches of the dungeon, and saw 20 of its levels.
You also visited: Gauntlet.

You collected 3448 gold pieces.
You spent 2700 gold pieces at shops.

Inventory:

Hand Weapons
 x - the +3 Elemental Staff (weapon) {rElec rF++ rC++ AC+5}
   (You acquired it on level 5 of the Lair of Beasts)

   If the wielder is skilled in Evocations, they can discharge powerful blasts
   of elemental energy when striking with it.
   It enhances your fire, ice, earth and air magic.
   AC:        It affects your AC (+5).
   rF:        It greatly protects you from fire.
   rC:        It greatly protects you from cold.
   rElec:     It insulates you from electricity.
Missiles
 c - 3 curare-tipped darts
 t - 5 silver javelins
Armour
 k - a +0 pair of gloves (worn)
 p - a +2 hat of willpower
 G - the +3 crown of Dyrovepreva (worn) {rElec Int+2 SInv}
   (You found it in a Gauntlet)

   Int:       It affects your intelligence (+2).
   rElec:     It insulates you from electricity.
   SInv:      It lets you see invisible.
 J - a +2 pair of boots (worn)
 S - a +2 cloak of preservation (worn)
 V - a +1 kite shield (worn)
Jewellery
 d - a ring of resist corrosion
 f - a ring of wizardry (right hand)
 K - a +6 ring of intelligence (left hand)
 N - a ring of positive energy
 W - an amulet of faith (around neck)
Wands
 r - a wand of acid (5)
 w - a wand of polymorph (13)
 y - a wand of roots (4)
 D - a wand of mindburst (8)
 H - a wand of flame (32)
 Y - a wand of paralysis (5)
 Z - a wand of digging (19)
Scrolls
 b - 6 scrolls of teleportation
 e - 5 scrolls of amnesia
 h - 3 scrolls of poison
 j - a scroll of summoning
 o - 2 scrolls of noise
 q - a scroll of identify
 s - 2 scrolls of immolation
 v - 2 scrolls of butterflies
 z - a scroll of fear
 A - 2 scrolls of enchant armour
 I - 2 scrolls of torment {unknown}
 L - 3 scrolls of magic mapping {unknown}
 O - 2 scrolls of brand weapon
Potions
 a - 2 potions of magic
 i - 4 potions of lignification
 l - 2 potions of resistance
 m - 2 potions of mutation
 u - 4 potions of brilliance
 B - 2 potions of haste
 C - 3 potions of cancellation
 E - 2 potions of curing
 F - 2 potions of flight
 Q - 4 potions of might
 R - 2 potions of attraction
Miscellaneous
 g - a phantom mirror (inert)


   Skills:
 - Level 9.9 Fighting
 - Level 5.9 Short Blades
 + Level 11.6 Staves
 - Level 1.7 Dodging
 - Level 1.7 Stealth
 - Level 6.6 Shields
 - Level 8.0 Spellcasting
 - Level 1.0 Conjurations
 - Level 12.8 Fire Magic
 + Level 9.0 Poison Magic
 + Level 14.1 Invocations


You had 13 spell levels left.
You knew the following spells:

 Your Spells              Type           Power      Damage    Failure   Level
a - Foxfire               Conj/Fire      100%       2x1d9     1%          1
b - Inner Flame           Hex/Fire       61%        N/A       1%          3
c - Conjure Flame         Conj/Fire      64%        6-21      1%          3
d - Olgreb's Toxic Radia  Pois           56%        N/A       1%          4
e - Ignite Poison         Fire/Tmut/Pois 66%        N/A       1%          3
f - Scorch                Fire           100%       2d10      1%          2

Your spell library contained the following spells:

 Spells                   Type           Power      Damage    Failure   Level
 Flame Wave               Conj/Fire      64%        2d15      3%          4
 Mephitic Cloud           Conj/Pois/Air  43%        N/A       4%          3
 Apportation              Tloc           20%        N/A       6%          1
 Sublimation of Blood     Necr           10%        N/A       9%          2
 Lesser Beckoning         Tloc           10%        N/A       16%         3
 Portal Projectile        Hex/Tloc       20%        N/A       16%         3
 Corpse Rot               Necr/Pois/Air  40%        N/A       16%         4
 Dispel Undead            Necr           10%        3d9       45%         4
 Passage of Golubria      Tloc           10%        N/A       45%         4
 Agony                    Necr           10%        N/A       80%         5
 Summon Forest            Summ/Tloc      5%         N/A       80%         5
 Summon Mana Viper        Hex/Summ       10%        N/A       80%         5
 Summon Cactus Giant      Summ           5%         N/A       100%        6
 Haunt                    Necr/Summ      5%         N/A       100%        7
 Malign Gateway           Summ/Tloc      5%         N/A       100%        7
 Borgnjor's Revivificati  Necr           5%         N/A       100%        8
 Chain Lightning          Conj/Air       10%        3d13      100%        9
 Fire Storm               Conj/Fire      32%        8d8       100%        9
 Shatter                  Erth           8%         3d10*     100%        9
 Animate Dead             Necr           Unusable   N/A       N/A         4
 Death Channel            Necr           Unusable   N/A       N/A         6
 Simulacrum               Ice/Necr       Unusable   N/A       N/A         6

Dungeon Overview and Level Annotations

Branches:
Dungeon (11/15)            Temple (1/1) D:7            Lair (5/5) D:11
 Shoals (0/4) Lair:3       Spider (1/4) Lair:2        Slime (0/5) Lair:4
    Orc (2/2) D:11            Elf (0/3) Orc:2       Gauntlet (visited)

Altars:
Ashenzari
Cheibriados
Dithmenos
Elyvilon
Fedhas
Gozag
Hepliaklqana
Kikubaaqudgha
Makhleb
Nemelex Xobeh
Okawaru
Qazlal
Ru
Sif Muna
Trog
Uskayaw
Vehumet
Wu Jian
Xom
Yredelemnul
Zin
The Shining One
Jiyva

Shops:
D:4 *([:   D:8 :   Orc:2 ([*[

Annotations:
Spider:1 Nikola


Innate Abilities, Weirdness & Mutations

You can breathe blasts of noxious fumes.
Your lurid green scales are hard. (AC +8)
You cannot fit into any form of body armour.
Your tail ends in a venomous barb.
Your system is resistant to poisons. (rPois)
You are cold-blooded and may be slowed by cold attacks.


Message History

The wolf spider is poisoned.
The jumping spider simulacrum pounces on you but does no damage.
The jumping spider simulacrum misses you.
The demonic crawler shrieks in warning!
The redback simulacrum bites you. The redback simulacrum freezes you!
You resist.
* * * LOW HITPOINT WARNING * * *
The ghost moth hits you but does no damage.
The ghost moth misses you. You block the ghost moth's attack.
Your bound orc warlord hits the demonic crawler with a +2 vorpal great mace!
Your demonic crawler zombie hits the redback simulacrum!
Your demonic crawler zombie hits the redback simulacrum.
Your demonic crawler zombie hits the redback simulacrum!
You block the jumping spider simulacrum's attack.
The jumping spider simulacrum bites you but does no damage.
You block the entropy weaver simulacrum's attack.
The entropy weaver simulacrum hits you.
* * * LOW HITPOINT WARNING * * *
The entropy weaver simulacrum freezes you!
You resist.
* * * LOW HITPOINT WARNING * * *
The entropy weaver simulacrum hits you.
* * * LOW HITPOINT WARNING * * *
The entropy weaver simulacrum freezes you!
You resist.
* * * LOW HITPOINT WARNING * * *
The entropy weaver simulacrum hits you but does no damage.
The demonic crawler barely misses your bound orc warlord.
The demonic crawler hits your bound orc warlord but does no damage. x2
Your Poison Magic skill increases to level 9!
Okay, then.
You swap places.
The wolf spider looks even sicker.
Your toxic aura wanes.
The redback simulacrum bites your demonic crawler zombie.
The redback simulacrum freezes your demonic crawler zombie.
Your demonic crawler zombie resists.
The ghost moth hits you but does no damage. x2
The ghost moth stings you!
You die...
Your body rises from the dead as a mindless zombie.

.. .. ...... . .
#. ....^. ...#...
...^..
#..#.#^###.#s.##
~.....#^....s..Z
≈≈#.......○.....
#≈~....ZZZ.....#
≈≈~##ZZ@s..Z# .#
≈≈≈~....y#...#...
≈..#.....#.....#..
≈...@....#..##.#..
~.........###....#
#.......##....Z...
~~..#####..Z.s....
#~#...............
≈~~.............#.


You could see Nikola (soul bound, possessable, poisoned), a ghost moth
(invisible, unable to see you), a demonic crawler (catching breath, ally
target), a wolf spider (soul bound, unable to see you, very poisoned), a redback
(wandering, soul bound, unable to see you, very poisoned), a jumping spider
simulacrum (unable to see you), 2 redback simulacra, an entropy weaver
simulacrum (unable to see you), a friendly bound orc warlord, a friendly wolf
spider zombie and a friendly demonic crawler zombie.

Vanquished Creatures
  A minotaur (Gauntlet)
  An entropy weaver (Spider:1)
  A boulder beetle (Lair:2)
  A hydra (Lair:5)
  A death yak (Lair:5)
  Sonja (Orc:2)
  A lindwurm (Lair:5)
  An orb spider (Spider:1)
  2 wizards (Gauntlet)
  Pikel (D:8)
  A wolf spider (Spider:1)
  A spectral elf (Orc:2)
  An orc knight (Orc:2)
  A moth of wrath (Spider:1)
  3 elephants (Lair:3)
  2 black mambas
  Maggie (D:7)
  A rime drake (Lair:2)
  3 cane toads
  A gargoyle (D:11)
  2 kobold demonologists (D:10)
  2 unseen horrors
  3 komodo dragons
  3 hornets
  A queen bee (Gauntlet)
  6 tarantellas (Spider:1)
  Grinder (D:3)
  Prince Ribbit (D:6)
  2 blink frogs (Lair:3)
  2 culicivoras (Spider:1)
  Eustachio (D:6)
  Sigmund (D:3)
  A wraith (D:9)
  7 jumping spiders
  2 wyverns
  19 yaks
  A basilisk (D:11)
  A steam dragon (Lair:5)
  4 wargs
  3 redbacks (Spider:1)
  2 vampire mosquitoes
  Menkaure (D:4)
  A human zombie (Gauntlet)
  8 water moccasins
  A hell hound (Lair:5)
  10 orc warriors
  A hornet zombie (D:9)
  2 ice beasts
  2 black bears
  10 ogres
  2 wolves (Lair:4)
  A centaur (D:11)
  4 bullfrogs
  5 kobold brigands
  Blork the orc (D:5)
  2 scorpions
  3 necrophages
  A gnoll sergeant (D:5)
  A water moccasin zombie (Lair:5)
  A wight (D:7)
  A warg zombie (Orc:2)
  8 killer bees
  5 howler monkeys
  A lava snake (Lair:5)
  An electric eel (Spider:1)
  A bullfrog zombie (D:7)
  3 jellies
  15 orc priests
  5 hounds
  2 gnoll boudas
  Jessica (D:3)
  4 iguanas
  Natasha (thrice) (D:3)
  15 orc wizards
  A killer bee zombie (Gauntlet)
  23 gnolls
  11 adders
  3 shadow imps (Gauntlet)
  6 white imps
  A jelly zombie (D:7)
  2 worms
  3 dart slugs
  77 orcs
  6 endoplasms
  3 giant cockroaches
  3 goblins
  5 hobgoblins
  5 jackals
  17 kobolds
  5 quokkas
  8 ball pythons
  A bat (D:3)
  3 frilled lizards
  17 orc zombies
413 creatures vanquished.

Vanquished Creatures (collateral kills)
  An emperor scorpion (Spider:1)
  A dire elephant (Lair:3)
  Snorg (Lair:3)
  A spark wasp (Lair:2)
  A boulder beetle (D:11)
  A catoblepas (Lair:1)
  2 hydras
  Erica (Lair:1)
  5 two-headed ogres
  3 death yaks (Lair:5)
  2 orc high priests (Orc:2)
  Lodul (D:11)
  A pharaoh ant (Spider:1)
  A manticore (Lair:3)
  21 elephants
  3 black mambas
  2 molten gargoyles (Lair:5)
  2 torpor snails
  2 cane toads
  2 gargoyles
  4 rime drakes
  A demonic crawler (Spider:1)
  A minotaur zombie (Gauntlet)
  10 komodo dragons
  5 trolls (Orc:2)
  A wind drake (Lair:3)
  4 dream sheep (Lair:5)
  2 hornets
  6 blink frogs
  A jumping spider (Lair:2)
  5 culicivoras (Lair:2)
  A spriggan (Lair:3)
  8 wyverns
  16 yaks
  A basilisk (Lair:5)
  2 steam dragons
  8 redbacks
  A vampire mosquito (D:11)
  3 hell hounds (Lair:5)
  2 wargs (Orc:2)
  An acid dragon (D:10)
  3 water moccasins
  19 orc warriors
  An ice beast (D:7)
  5 ogres
  16 wolves
  2 centaurs (D:11)
  A kobold brigand (D:8)
  2 gnoll sergeants (D:10)
  4 bullfrogs
  2 scorpions
  2 wights (D:8)
  A killer bee (D:11)
  3 lava snakes (Lair:5)
  A jelly (D:7)
  6 orc priests
  8 orc wizards
  A killer bee zombie (D:11)
  2 gnolls (Orc:2)
  A white imp (Gauntlet)
  13 orcs
  A gnoll zombie (Orc:2)
  2 kobolds
  2 orc zombies (Orc:2)
  A bush (Lair:5)
236 creatures vanquished.

Vanquished Creatures (others)
  A black mamba (Lair:5)
  An orb spider zombie (Spider:1)
  A death yak zombie (Lair:5)
  2 tarantella zombies (Spider:1)
  2 jumping spider zombies (Spider:1)
  A wind drake zombie (Lair:3)
  A hornet zombie (D:10)
  A rime drake zombie (Lair:5)
  A komodo dragon zombie (Lair:5)
  2 wyvern zombies
  A water moccasin zombie (Lair:5)
  A troll zombie (Orc:2)
  2 yak zombies
  5 wolf zombies
  3 centaur zombies (D:11)
  A bullfrog zombie (Lair:3)
  A basilisk zombie (D:11)
  3 killer bee zombies (Gauntlet)
  3 ogre zombies
  A kobold zombie (D:10)
  33 orc zombies
  2 spectral white imps
  2 gnoll zombies (Orc:2)
  14 foxfires
  148 fungi
  125 plants
358 creatures vanquished.

Grand Total: 1007 creatures vanquished

Notes
Turn   | Place    | Note
-------+----------+-------------------------------------------
     0 | D:1      | Zeldest the Draconian Fire Elementalist began the quest for
                  | the Orb.
     0 | D:1      | Reached XP level 1. HP: 14/14 MP: 3/3
   219 | D:1      | Reached XP level 2. HP: 19/20 MP: 1/5
   241 | D:1      | Learned a level 2 spell: Scorch
   635 | D:1      | Reached XP level 3. HP: 8/26 MP: 1/6
  1315 | D:2      | Found a faded altar of an unknown god.
  1571 | D:2      | Reached XP level 4. HP: 33/33 MP: 3/8
  2391 | D:3      | Noticed Jessica
  2422 | D:3      | Killed Jessica
  2423 | D:3      | Reached skill level 5 in Fire Magic
  2423 | D:3      | Reached XP level 5. HP: 32/38 MP: 0/9
  2540 | D:3      | Noticed Sigmund
  2564 | D:4      | Noticed Menkaure
  2578 | D:4      | Killed Menkaure
  2579 | D:4      | Reached XP level 6. HP: 2/45 MP: 0/11
  3001 | D:4      | Learned a level 3 spell: Conjure Flame
  3150 | D:4      | Found a hide-covered altar of Uskayaw.
  3169 | D:4      | Found Syapenej's General Store.
  3210 | D:4      | Found Xeq Udig's Weapon Shop.
  3240 | D:4      | Found Odorra's Armour Shoppe.
  3476 | D:4      | Reached skill level 1 in Staves
  3735 | D:4      | Identified the +0 short sword of Getijauv {flame, rElec rF+
                  | rC+ rN+}
  3889 | D:4      | Found a stormy altar of Qazlal.
  3934 | D:4      | Found Wokieny's Self-Improvement Boutique.
  3970 | D:3      | Found a glowing silver altar of Zin.
  3973 | D:3      | Found a faded altar of an unknown god.
  3974 | D:3      | Noticed Natasha
  3996 | D:3      | Your scales start taking on a lurid green colour.
  3996 | D:3      | Reached XP level 7. HP: 50/50 MP: 8/13
  3996 | D:3      | Gained mutation: Your system is resistant to poisons.
                  | (rPois) [Green Draconian growth]
  4124 | D:3      | Killed Sigmund
  4125 | D:3      | Reached skill level 1 in Poison Magic
  4149 | D:3      | Killed Natasha
  4164 | D:3      | Noticed Natasha
  4175 | D:3      | Killed Natasha
  4215 | D:3      | Found a shimmering altar of Xom.
  4250 | D:3      | Noticed Grinder
  4251 | D:3      | Paralysed by Grinder for 2 turns
  4260 | D:3      | Paralysed by Grinder for 3 turns
  4276 | D:3      | Paralysed by Grinder for 5 turns
  4285 | D:3      | Killed Grinder
  4662 | D:3      | Noticed Natasha
  4672 | D:3      | Killed Natasha
  4811 | D:5      | Entered Level 5 of the Dungeon
  4811 | D:5      | Noticed Blork the orc
  4844 | D:4      | Reached XP level 8. HP: 42/62 MP: 14/14
  4966 | D:5      | Killed Blork the orc
  6008 | D:5      | Reached skill level 5 in Staves
  6021 | D:5      | Found a shadowy altar of Dithmenos.
  6163 | D:5      | Reached skill level 5 in Fighting
  6178 | D:5      | Reached XP level 9. HP: 46/74 MP: 6/15
  6887 | D:6      | Noticed Prince Ribbit
  6898 | D:6      | Killed Prince Ribbit
  7054 | D:6      | Noticed Eustachio
  7074 | D:6      | Killed Eustachio
  7383 | D:6      | You fall into a shaft and drop 2 floors!
  7399 | D:8      | Noticed Pikel
  7454 | D:8      | Killed Pikel
  7766 | D:8      | Found a blossoming altar of Fedhas.
  8037 | D:7      | Found a staircase to the Ecumenical Temple.
  8044 | Temple   | Entered the Ecumenical Temple
  8091 | Temple   | Learned a level 3 spell: Inner Flame
  8097 | Temple   | Became a worshipper of Yredelemnul the Dark
  8417 | D:7      | Reached skill level 1 in Invocations
  8458 | D:7      | Reached * piety under Yredelemnul
  8531 | D:7      | Reached ** piety under Yredelemnul
  8588 | D:7      | Reached XP level 10. HP: 9/86 MP: 16/16
  8926 | D:7      | Found a radiant altar of Vehumet.
  9483 | D:7      | Reached skill level 2 in Invocations
  9497 | D:7      | Noticed Maggie
  9516 | D:7      | Killed Maggie
  9798 | D:7      | Reached skill level 10 in Fire Magic
  9905 | D:7      | Found a hazy altar of Hepliaklqana.
  9986 | D:8      | Found a sparkling altar of Nemelex Xobeh.
 10367 | D:8      | HP: 3/80 [something (6)]
 10368 | D:8      | Reached skill level 3 in Invocations
 10788 | D:8      | Found Weecameup's Tremendous Tomes.
 11212 | D:9      | Noticed a two-headed ogre
 11416 | D:9      | Reached skill level 4 in Invocations
 11579 | D:9      | Killed a two-headed ogre
 11859 | D:10     | Entered Level 10 of the Dungeon
 11905 | D:10     | Reached skill level 5 in Invocations
 11991 | D:10     | Reached XP level 11. HP: 95/95 MP: 17/17
 12258 | D:10     | Found a runed translucent door.
 12541 | D:10     | Reached *** piety under Yredelemnul
 12549 | D:10     | Reached **** piety under Yredelemnul
 12549 | D:10     | Reached ***** piety under Yredelemnul
 13134 | D:10     | Reached skill level 6 in Invocations
 13362 | D:4      | Bought a +2 cloak of preservation for 236 gold pieces
 13496 | D:11     | Found a staircase to the Lair.
 13502 | Lair:1   | Entered Level 1 of the Lair of Beasts
 13560 | Lair:1   | Noticed Erica
 13567 | Lair:1   | Killed Erica
 13576 | Lair:1   | Identified the +8 short sword "Borido" {vorpal, rN+ Str+2
                  | Int+4}
 13748 | Lair:1   | Reached skill level 1 in Short Blades
 13870 | Lair:1   | Noticed a catoblepas
 13891 | Lair:1   | Killed a catoblepas
 13892 | Lair:1   | Reached skill level 7 in Invocations
 13930 | Lair:1   | Found a white marble altar of Elyvilon.
 14416 | Lair:2   | Reached skill level 5 in Spellcasting
 14707 | Lair:2   | Noticed a boulder beetle
 14720 | Lair:2   | Killed a boulder beetle
 14721 | Lair:2   | Reached XP level 12. HP: 106/106 MP: 12/19
 14760 | Lair:2   | Found a hole to the Spider Nest.
 14958 | Lair:2   | Reached ****** piety under Yredelemnul
 15075 | Lair:2   | Reached skill level 8 in Invocations
 15147 | Lair:3   | Noticed Snorg
 15150 | Lair:3   | Killed Snorg
 15578 | Lair:3   | Found a staircase to the Shoals.
 15756 | Lair:3   | Reached skill level 5 in Short Blades
 15857 | Lair:3   | Reached skill level 9 in Invocations
 15936 | Lair:3   | Noticed a dire elephant
 16387 | Lair:3   | Reached skill level 1 in Shields
 16442 | Lair:3   | Reached XP level 13. HP: 113/113 MP: 23/23
 16789 | Lair:3   | Killed a dire elephant
 16790 | Lair:3   | Reached skill level 10 in Invocations
 17444 | Lair:4   | Found a viscous altar of Jiyva.
 17444 | Lair:4   | Found a staircase to the Slime Pits.
 17691 | Lair:5   | Entered Level 5 of the Lair of Beasts
 17963 | Lair:5   | Reached skill level 5 in Shields
 17963 | Lair:5   | Reached skill level 11 in Invocations
 17990 | Lair:5   | Identified 2 scrolls of acquirement
 17990 | Lair:5   | Acquired the +3 Elemental Staff {rElec rF++ rC++ AC+5}
 17990 | Lair:5   | Found the +3 Elemental Staff {rElec rF++ rC++ AC+5}
 18300 | Lair:5   | Acquired 847 gold pieces
 18802 | Lair:2   | Reached skill level 12 in Invocations
 18953 | D:8      | Bought Dureclor's Atlas of Evil Contamination for 1316 gold
                  | pieces
 18958 | D:8      | Learned a level 4 spell: Olgreb's Toxic Radiance
 19757 | Lair:5   | Gained mutation: Your tail ends in a venomous barb. [Green
                  | Draconian growth]
 19757 | Lair:5   | Reached XP level 14. HP: 119/119 MP: 26/26
 19758 | Lair:5   | Found a large runed translucent door.
 19758 | Lair:5   | Found a large runed translucent door.
 20585 | D:11     | Found a staircase to the Orcish Mines.
 20684 | D:11     | Noticed Lodul
 20693 | D:11     | Killed Lodul
 20694 | D:11     | Reached skill level 10 in Staves
 20694 | D:11     | Reached skill level 5 in Poison Magic
 20792 | D:11     | Noticed Fannar
 20802 | D:11     | Killed Fannar
 20802 | D:11     | Enslaved Fannar
 21571 | Orc:1    | Entered Level 1 of the Orcish Mines
 22128 | Orc:2    | Entered Level 2 of the Orcish Mines
 22237 | Orc:2    | Reached skill level 13 in Invocations
 22437 | Orc:2    | Noticed Sonja
 22440 | Orc:2    | Noticed an orc warlord
 22451 | Orc:2    | Killed an orc warlord
 22451 | Orc:2    | Enslaved an orc warlord
 22458 | Orc:2    | Killed Sonja
 22543 | Orc:2    | Found a gate leading to a gauntlet.
 22552 | Gauntlet | Entered a Gauntlet
 22552 | Gauntlet | Found a large runed translucent door.
 22552 | Gauntlet | Found a large runed translucent door.
 22552 | Gauntlet | Found a large runed translucent door.
 22552 | Gauntlet | Found a large runed translucent door.
 22552 | Gauntlet | Found a large runed translucent door.
 22552 | Gauntlet | Found a large runed translucent door.
 22552 | Gauntlet | Found a runed translucent door.
 22552 | Gauntlet | Found a transporter.
 22552 | Gauntlet | Found a transporter.
 22552 | Gauntlet | Found a runed translucent door.
 22552 | Gauntlet | Found a large runed translucent door.
 22552 | Gauntlet | Found a large runed translucent door.
 22552 | Gauntlet | Found a large runed translucent door.
 22552 | Gauntlet | Found a large runed translucent door.
 22552 | Gauntlet | Found a large runed translucent door.
 22552 | Gauntlet | Found a large runed translucent door.
 22698 | Gauntlet | Found a transporter.
 22707 | Gauntlet | Found a transporter.
 22714 | Gauntlet | Found a transporter.
 22724 | Gauntlet | Found a transporter.
 22724 | Gauntlet | Found a transporter.
 22728 | Gauntlet | Found a transporter.
 22733 | Gauntlet | Noticed a cacodemon
 22755 | Gauntlet | Found a transporter.
 22762 | Gauntlet | Found a transporter.
 22771 | Gauntlet | Found a transporter.
 22775 | Gauntlet | Found a large runed translucent door.
 22776 | Gauntlet | Found a large runed translucent door.
 22778 | Gauntlet | Found a runed translucent gate.
 22779 | Gauntlet | Found a runed translucent gate.
 22780 | Gauntlet | Found a transporter.
 22780 | Gauntlet | Found a runed translucent gate.
 22798 | Gauntlet | Found a large runed translucent door.
 22799 | Gauntlet | Found a large runed translucent door.
 22825 | Gauntlet | Found a transporter.
 22839 | Gauntlet | Found a transporter.
 22939 | Gauntlet | Found a transporter.
 22957 | Gauntlet | Found a transporter.
 23183 | Gauntlet | Identified the +6 spear "Trog's Scorn" {vorpal, rPois rF-
                  | Int+5}
 23429 | Gauntlet | Found the +3 crown of Dyrovepreva {rElec Int+2 SInv}
 24020 | Orc:2    | Found Zoqaiker's Armour Emporium.
 24112 | Orc:2    | Found Ingol's Antique Armour Emporium.
 24114 | Orc:2    | Found Cuevism's Antique Weapon Shoppe.
 24156 | Orc:2    | Found Podaotwadof's General Store.
 24265 | Orc:2    | Found a staircase to the Elven Halls.
 24424 | D:8      | Bought the Quarto of the Voyage and Incandescence for 1148
                  | gold pieces
 24428 | D:8      | Learned a level 3 spell: Ignite Poison
 24574 | Spider:1 | Entered Level 1 of the Spider Nest
 24622 | Spider:1 | Noticed an emperor scorpion
 24629 | Spider:1 | Noticed Nikola
 24630 | Spider:1 | Killed an emperor scorpion
 24770 | Spider:1 | Noticed a ghost moth
 24776 | Spider:1 | Reached skill level 14 in Invocations
 24783 | Spider:1 | HP: 5/119 [entropy weaver simulacrum (7)]
 24784 | Spider:1 | Slain by a ghost moth

Illustrated notes

Levels and vault maps discovered:
D:1:      scummos_arrival_forest, layout_basic, serial_glass, glass_columns_a,
          glass_columns_b, glass_columns_a, glass_columns_a,
          minmay_tiny_reverse_x
D:2:      layout_loops_corners, shapermc_ecumenical_altar_pompeii
D:3:      minmay_evil_eye, layout_basic, mainiacjoe_overflow_24_doors,
          nicolae_overflow_ecumenical_swirl, chequers_avenue,
          grunt_ministairs_15, uniq_sigmund, uniq_jessica, uniq_natasha,
          uniq_grinder
D:4:      minmay_octagon_keep, layout_loops_ring,
          eat_drink_and_be_merry_uskayaw, amcnicky_altar_gilded,
          serial_aquarium, aquarium_bridge_straight [aquarium_subvault_bridge,
          aquarium_subvault_wall, aquarium_subvault_bridge,
          aquarium_subvault_wall], aquarium_window_3, aquarium_window_2,
          aquarium_view_2b, aquarium_view_2f, serial_shops,
          nicolae_shop_hallway_plus, shop, nicolae_shop_bloodbath_and_beyond,
          nicolae_shop_self_help, uniq_menkaure
D:5:      minmay_general_purpose_star, layout_gridville, lemuel_tele_altar,
          uniq_blork_the_orc
D:6:      layout_loops_ring, uniq_prince_ribbit1, uniq_eustachio
D:7:      kennysheep_six_static_rooms, layout_loops_ring,
          nicolae_vehumet_radiance, nzn_hepliaklqana_mist_gate, temple_green,
          uniq_maggie
D:8:      layout_loops_ring, grunt_temple_overflow_open,
          nicolae_shop_i_like_big_books, uniq_pikel
D:9:      layout_rooms, minmay_misc_feat_encased
D:10:     layout_long_grid, chequers_serial_rivers_large_a, minmay_statues_item,
          minmay_st_funbox, kennysheep_flooded_box
D:11:     layout_rooms, lair_entry_dummy, minmay_orc_entry_temple_large,
          uniq_lodul, uniq_fannar
Temple:   hellmonk_temple_forest_ring
Lair:1:   layout_regular_city, basic_altar, uniq_erica
Lair:2:   layout_gridlike, nicolae_spider_entry_tight_spaces
Lair:3:   mu_elephants_graveyard, layout_cave_pods, minmay_shoals_entry_beasts,
          uniq_snorg
Lair:4:   layout_hall_layers, slime_entry_1
Lair:5:   cheibrodos_lair_end_hotspot, layout_misc_corridors
Spider:1: layout_spider_delve, nicolae_spider_some_kinda_spiderbox, uniq_nikola,
          uniq_donald, uniq_rupert
Orc:1:    layout_diamond_mine, mines2_lemuel
Orc:2:    grunt_orc_community_town_hall, layout_diamond_mine,
          grunt_orc_community_big_house_2, grunt_orc_community_big_house_1,
          grunt_orc_community_house_2, grunt_orc_community_house_3,
          grunt_orc_community_house_1, grunt_orc_community_house_3,
          grunt_orc_community_house_3, gauntlet_entry_generic, uniq_sonja

Skill      XL: |  1  2  3  4  5  6  7  8  9 10 11 12 13 14 |
---------------+-------------------------------------------+-----
Fire Magic     | 4 5 6 7 8 9 10 11 12 | 12.8
Spellcasting   | 3 4 5 7 8 |  8.0
Staves         | 1 3 5 7 8 9 11 | 11.6
Poison Magic   | 2 4 9 |  9.0
Fighting       | 2 5 7 8 9 |  9.9
Invocations    | 1 5 7 9 12 14 | 14.1
Short Blades   | 3 5 |  5.9
Shields        | 1 6 |  6.6
Dodging        | |  1.7
Stealth        | |  1.7
Conjurations   | |  1.0

Action                   |  1- 3 |  4- 6 |  7- 9 | 10-12 | 13-15 || total
-------------------------+-------+-------+-------+-------+-------++-------
Melee: Short sword       |    66 |   114 |   522 |   310 |    45 ||  1057
       Unarmed           |     5 |       |    12 |       |       ||    17
       Tailslap          |     5 |    12 |    97 |    55 |    87 ||   256
       Punch             |       |       |    11 |     3 |       ||    14
       Staff             |       |       |       |       |   320 ||   320
 Cast: Foxfire           |     8 |     1 |       |       |     2 ||    11
       Scorch            |    10 |    34 |     7 |    28 |    44 ||   123
       Conjure Flame     |       |     1 |       |     2 |       ||     3
       Inner Flame       |       |       |       |     1 |     4 ||     5
       Olgreb's Toxic Ra |       |       |       |       |    59 ||    59
       Ignite Poison     |       |       |       |       |     4 ||     4
Invok: Bind Soul         |       |       |       |     1 |     5 ||     6
       Dark Bargain      |       |       |       |     1 |       ||     1
       Recall Undead Har |       |       |       |     5 |    10 ||    15
 Abil: Breathe Noxious F |       |       |    33 |    44 |    35 ||   112
Evoke: Wand              |       |     2 |     3 |     4 |    10 ||    19
       Phantom mirror    |       |       |       |       |     1 ||     1
  Use: Potion            |       |       |     1 |     1 |     7 ||     9
       Scroll            |       |       |       |    13 |    17 ||    30
 Stab: Sleeping          |     5 |     2 |     5 |     1 |     1 ||    14
       Confused          |       |       |    25 |     8 |    11 ||    44
       Distracted        |       |       |       |     3 |     3 ||     6
Armor: Skin              |    26 |    47 |   225 |   160 |   233 ||   691
Dodge: Dodged            |    37 |    87 |   332 |   154 |   188 ||   798
Block: Kite shield       |       |       |       |    34 |   228 ||   262
